 Dungeon Crawl Stone Soup version 0.31-a0-175-g9f7f995f2b (webtiles) character file.

Game seed: 10361910472560436812

347 qw the Shooter (level 6, -4/57 HPs)
             Began as a Naga Hunter on June 17, 2023.
             Slain by a gnoll
             ... wielding a +0 whip
              (5 damage)
             ... on level 4 of the Dungeon.
             The game lasted 00:01:07 (2645 turns).

qw the Shooter (Naga Hunter)                        Turns: 2645, Time: 00:01:08

Health: -4/57      AC:  4    Str: 14    XL:     6   Next: 59%
Magic:  6/6        EV:  9    Int:  9    God:
Gold:   182        SH:  0    Dex: 16    Spells: 5/5 levels left

rFire   . . .        Y - +0 shortbow
rCold   . . .        (shield currently unavailable)
rNeg    . . .        c - +0 leather armour
rPois   +            h - +1 hat
rElec   .            (no cloak)
rCorr   .            (no gloves)
SInv    +            (no barding)
Will    .....        (no amulet)
Stlth   ++           (no ring)
HPRegen 0.29/turn    (no ring)
MPRegen 0.10/turn

%: no passive effects
@: short of breath, very slow
A: AC +2, large, see invisible, deformed body, poison resistance, slowness 2,
spit poison 1, naga tail 1
a: Spit Poison


You were on level 4 of the Dungeon.
You visited 1 branch of the dungeon, and saw 4 of its levels.

You collected 182 gold pieces.


Innate Abilities, Weirdness & Mutations

Your serpentine skin is tough. (AC +2)
You have supernaturally acute eyesight. (SInv)
Armour fits poorly on your strangely shaped body.
Your system is resistant to poisons. (rPois)
You cover ground very slowly.
You can spit poison.
You have a snake-like lower body.


   Skills:
 - Level 4.0 Fighting
 + Level 6.2 Ranged Weapons
 - Level 1.5 Dodging
 - Level 1.5 Stealth


You had 5 spell levels left.
You didn't know any spells.
Your spell library was empty.

Inventory:

Hand Weapons
 Y - a +0 shortbow (weapon)
Armour
 c - a +0 leather armour (worn)
 h - a +1 hat (worn)
Potions
 a - a potion of heal wounds {unknown}
 b - a potion of resistance {unknown}
 d - 2 potions of curing
 e - a potion of enlightenment {unknown}
 f - a potion of magic {unknown}

Dungeon Overview and Level Annotations

Branches:
Dungeon (4/15)
 Temple: D:4-7

Altars:


Message History

A gnoll comes into view. It is wielding a +0 whip.
You shoot an arrow. The arrow hits the gnoll.
The gnoll is moderately wounded.
The gnoll hits you but does no damage.
You shoot an arrow. The arrow hits the gnoll.
The gnoll is heavily wounded.
You have got your breath back.
The gnoll hits you from afar with a +0 spear.
2641 ||| INVOKING Spit Poison.
Aiming: Spit Poison (1% risk of failure)
Press: ? - help, Shift-Dir - straight line, f/p - gnoll The splash of poison hits the gnoll.
The gnoll is poisoned.
The gnoll is severely wounded.
The gnoll hits you from afar with a +0 spear.
The gnoll sergeant hits you from afar with a +0 spear!
The gnoll bouda barks out a call to the hunt!
The gnolls pick up the pace!
You shoot an arrow. The arrow hits the gnoll.
You kill the gnoll!
The gnoll sergeant hits you from afar with a +0 spear. x2
Your Fighting skill increases to level 4!
You shoot an arrow. The arrow hits the gnoll bouda!
The gnoll bouda is heavily wounded.
The gnoll bouda hits you with a +0 whip.
The gnoll sergeant hits you from afar with a +0 spear.
The gnoll hits you with a +0 whip!
You shoot an arrow. The arrow hits the gnoll bouda!
You kill the gnoll bouda!
You hear the brisk rusting of a very distant drain.
You have got your breath back.
The gnoll sergeant hits you from afar with a +0 spear!
The gnoll hits you with a +0 whip.
2645 ||| INVOKING Spit Poison.
Aiming: Spit Poison (1% risk of failure)
Press: ? - help, Shift-Dir - straight line, f - gnoll The splash of poison hits the gnoll but does no damage.
The gnoll is poisoned.
The gnoll sergeant hits you from afar with a +0 spear!
The gnoll hits you with a +0 whip.
You die... 77

... # #..77 #
#..).777 [
.#.7$.g.77###
#
.'...))@).).#
#
.#..7g.)77#)#
# .#....777
#.# ######
#..77 #.#
.)...# ..)
#####.#
#....## 77
#.....#
#.###.#####
#####.####
#.# #..##.#
#.###.## ...
##.##.#
#.##.%.###


You could see a gnoll sergeant (swift) and a gnoll (swift, poisoned).

Vanquished Creatures
  A scorpion (D:3)
  A gnoll bouda (D:4)
  13 gnolls
  4 adders
  2 worms
  A dart slug (D:2)
  6 orcs
  7 endoplasms
  5 giant cockroaches
  5 goblins
  12 hobgoblins
  A jackal (D:3)
  5 quokkas
  3 ball pythons (D:1)
  3 bats
  5 frilled lizards
  8 kobolds
  6 rats
88 creatures vanquished.

Notes
Turn   | Place    | Note
-------+----------+-------------------------------------------
     0 | D:1      | qw the Naga Hunter began the quest for the Orb.
     0 | D:1      | Reached XP level 1. HP: 19/19 MP: 1/1
     0 | D:1      | 0 ||| qw: Version: 0.3-a-3-g30531e4
     0 | D:1      | 0 ||| qw: Game counter: 395
     0 | D:1      | 0 ||| qw: Always use a shield: true
     0 | D:1      | 0 ||| qw: God list: Okawaru
     0 | D:1      | 0 ||| qw: Allow faded altars: false
     0 | D:1      | 0 ||| qw: Do Orc after D:15 true
     0 | D:1      | 0 ||| qw: Do second Lair branch before Depths: true
     0 | D:1      | 0 ||| qw: Lair rune preference: random
     0 | D:1      | 0 ||| qw: Plans: Normal
     0 | D:1      | 0 ||| PLANNING D:1-11
    11 | D:1      | 11 ||| INVOKING Spit Poison.
    15 | D:1      | 15 ||| INVOKING Spit Poison.
    66 | D:1      | 66 ||| INVOKING Spit Poison.
    75 | D:1      | 75 ||| INVOKING Spit Poison.
    82 | D:1      | 82 ||| INVOKING Spit Poison.
    88 | D:1      | 88 ||| INVOKING Spit Poison.
   111 | D:1      | 111 ||| INVOKING Spit Poison.
   112 | D:1      | Reached skill level 4 in Ranged Weapons
   112 | D:1      | Reached XP level 2. HP: 26/26 MP: 2/2
   183 | D:1      | 183 ||| INVOKING Spit Poison.
   188 | D:1      | 188 ||| INVOKING Spit Poison.
   238 | D:1      | 238 ||| INVOKING Spit Poison.
   275 | D:1      | 275 ||| INVOKING Spit Poison.
   280 | D:1      | 280 ||| INVOKING Spit Poison.
   292 | D:1      | 292 ||| INVOKING Spit Poison.
   299 | D:1      | 299 ||| INVOKING Spit Poison.
   313 | D:1      | 313 ||| INVOKING Spit Poison.
   322 | D:1      | 322 ||| INVOKING Spit Poison.
   343 | D:1      | 343 ||| INVOKING Spit Poison.
   353 | D:1      | Reached XP level 3. HP: 32/32 MP: 3/3
   651 | D:1      | 651 ||| INVOKING Spit Poison.
   699 | D:1      | 699 ||| INVOKING Spit Poison.
   714 | D:1      | 714 ||| INVOKING Spit Poison.
   863 | D:1      | 863 ||| READING scroll labelled POCUZA NEBE.
   864 | D:1      | 864 ||| READING 3 scrolls labelled DINUOV UPSUD.
   865 | D:1      | 865 ||| READING scroll labelled FAICWO SOATI.
   866 | D:1      | 866 ||| DROPPING scroll of butterflies.
   867 | D:1      | 867 ||| DROPPING 2 scrolls of immolation.
   962 | D:2      | 962 ||| INVOKING Spit Poison.
   979 | D:2      | 979 ||| INVOKING Spit Poison.
   984 | D:2      | 984 ||| INVOKING Spit Poison.
  1058 | D:2      | 1058 ||| INVOKING Spit Poison.
  1063 | D:2      | 1063 ||| INVOKING Spit Poison.
  1203 | D:2      | 1203 ||| INVOKING Spit Poison.
  1205 | D:2      | Reached skill level 5 in Ranged Weapons
  1210 | D:2      | 1210 ||| INVOKING Spit Poison.
  1211 | D:2      | Reached XP level 4. HP: 39/39 MP: 4/4
  1215 | D:2      | 1215 ||| INVOKING Spit Poison.
  1276 | D:2      | 1276 ||| INVOKING Spit Poison.
  1299 | D:2      | 1299 ||| INVOKING Spit Poison.
  1300 | D:2      | 1300 ||| INVOKING Spit Poison.
  1355 | D:2      | 1355 ||| INVOKING Spit Poison.
  1520 | D:2      | 1520 ||| READING scroll labelled HUM NEUMUX.
  1521 | D:2      | 1521 ||| DRINKING 2 bubbling green potions.
  1625 | D:2      | 1625 ||| DROPPING potion of berserk rage.
  1638 | D:3      | 1638 ||| INVOKING Spit Poison.
  1644 | D:3      | 1644 ||| INVOKING Spit Poison.
  1678 | D:3      | 1678 ||| INVOKING Spit Poison.
  1684 | D:3      | 1684 ||| INVOKING Spit Poison.
  1760 | D:3      | 1760 ||| INVOKING Spit Poison.
  1771 | D:3      | 1771 ||| INVOKING Spit Poison.
  1789 | D:3      | 1789 ||| INVOKING Spit Poison.
  1790 | D:3      | Reached skill level 3 in Fighting
  1794 | D:3      | 1794 ||| INVOKING Spit Poison.
  1800 | D:3      | Reached XP level 5. HP: 35/49 MP: 5/5
  1877 | D:3      | 1877 ||| INVOKING Spit Poison.
  1882 | D:3      | 1882 ||| INVOKING Spit Poison.
  1902 | D:3      | 1902 ||| INVOKING Spit Poison.
  1905 | D:3      | 1905 ||| INVOKING Spit Poison.
  1981 | D:3      | 1981 ||| INVOKING Spit Poison.
  2018 | D:3      | 2018 ||| INVOKING Spit Poison.
  2037 | D:3      | 2037 ||| INVOKING Spit Poison.
  2043 | D:3      | 2043 ||| INVOKING Spit Poison.
  2062 | D:3      | 2062 ||| INVOKING Spit Poison.
  2065 | D:3      | 2065 ||| INVOKING Spit Poison.
  2068 | D:3      | 2068 ||| INVOKING Spit Poison.
  2133 | D:3      | 2133 ||| INVOKING Spit Poison.
  2265 | D:3      | 2265 ||| UPGRADING to +1 hat.
  2270 | D:3      | 2270 ||| READING scroll labelled XIEJAJO ZOICEE.
  2271 | D:3      | 2271 ||| READING 2 scrolls labelled EHE IFINUJ.
  2272 | D:3      | 2272 ||| DRINKING 3 fuming clear potions.
  2273 | D:3      | 2273 ||| DRINKING 2 bubbling coppery potions.
  2274 | D:3      | 2274 ||| DROPPING scroll of amnesia.
  2275 | D:3      | 2275 ||| DROPPING potion of brilliance.
  2288 | D:4      | 2288 ||| PLANNING SEWER
  2288 | D:4      | 2288 ||| INVOKING Spit Poison.
  2294 | D:4      | 2294 ||| INVOKING Spit Poison.
  2297 | D:4      | 2297 ||| STAIRDANCE
  2299 | D:3      | 2299 ||| INVOKING Spit Poison.
  2352 | D:4      | 2352 ||| INVOKING Spit Poison.
  2357 | D:4      | 2357 ||| INVOKING Spit Poison.
  2363 | D:4      | 2363 ||| INVOKING Spit Poison.
  2368 | D:4      | 2368 ||| INVOKING Spit Poison.
  2407 | D:4      | 2407 ||| Stepping ~*~*~tactically~*~*~ (outnumbered).
  2409 | D:4      | 2409 ||| Stepping ~*~*~tactically~*~*~ (outnumbered).
  2410 | D:4      | 2410 ||| INVOKING Spit Poison.
  2413 | D:4      | Reached skill level 6 in Ranged Weapons
  2413 | D:4      | Reached XP level 6. HP: 55/56 MP: 6/6
  2413 | D:4      | 2413 ||| INVOKING Spit Poison.
  2417 | D:4      | 2417 ||| INVOKING Spit Poison.
  2424 | D:4      | 2424 ||| INVOKING Spit Poison.
  2429 | D:4      | 2429 ||| INVOKING Spit Poison.
  2473 | D:4      | 2473 ||| INVOKING Spit Poison.
  2527 | D:4      | 2527 ||| INVOKING Spit Poison.
  2531 | D:4      | 2531 ||| INVOKING Spit Poison.
  2533 | D:4      | 2533 ||| FLEEEEING.
  2534 | D:4      | 2534 ||| FLEEEEING.
  2535 | D:4      | 2535 ||| FLEEEEING.
  2553 | D:4      | 2553 ||| FLEEEEING.
  2554 | D:4      | 2554 ||| FLEEEEING.
  2555 | D:4      | 2555 ||| FLEEEEING.
  2556 | D:4      | 2556 ||| INVOKING Spit Poison.
  2560 | D:4      | 2560 ||| INVOKING Spit Poison.
  2563 | D:4      | 2563 ||| INVOKING Spit Poison.
  2634 | D:4      | 2634 ||| INVOKING Spit Poison.
  2641 | D:4      | 2641 ||| INVOKING Spit Poison.
  2644 | D:4      | HP: 12/57 [gnoll/+0 whip (3)]
  2645 | D:4      | 2645 ||| INVOKING Spit Poison.
  2645 | D:4      | HP: 1/57 [gnoll sergeant/+0 spear (11)]
  2645 | D:4      | Slain by a gnoll

Levels and vault maps discovered:
D:1:      saegor_arrival_simple_e, layout_basic, minmay_misc_feat_nine_boxes
D:2:      layout_loops_ring, minmay_fountain_box
D:3:      layout_rooms, chequers_serial_rivers_small_a,
          chequers_serial_rivers_small_b, minmay_between
D:4:      layout_loops_ring, cheibrodos_worm_habitat, gup_sewer_entry_spiral,
          minivault_24, pf_guarded_unrand_woodcutter

Skill      XL: |  1  2  3  4  5  6 |
---------------+-------------------+-----
Ranged Weapons | 4 5 6 |  6.2
Fighting       | 3 4 |  4.0
Dodging        | |  1.5
Stealth        | |  1.5

Action                     |  1- 3 |  4- 6 || total
---------------------------+-------+-------++-------
   Fire: Shortbow          |    59 |   120 ||   179
Ability: Spit Poison       |    27 |    45 ||    72
    Use: Scroll            |     3 |     3 ||     6
         Potion            |       |     3 ||     3
 Armour: Leather armour    |     2 |    13 ||    15
  Dodge: Dodged            |    13 |    16 ||    29

Table legend:
 A = Non-vault XP
 B = Vault XP
 C = Vault XP percentage of total XP
 D = Non-vault monster count
 E = Vault monster count
 F = Vault count percentage of total count
                 A         B        C        D         E       F
            +---------+---------+-------+---------+---------+-------
      Total |     301 |     195 |  39.3 |      70 |      18 |  20.5
            +---------+---------+-------+---------+---------+-------
        D:1 |      39 |       0 |   0.0 |      27 |       0 |   0.0
        D:2 |      53 |       0 |   0.0 |      15 |       0 |   0.0
        D:3 |     186 |      14 |   7.0 |      20 |       7 |  25.9
        D:4 |      23 |     181 |  88.7 |       8 |      11 |  57.9
            +---------+---------+-------+---------+---------+-------
